 Dungeon Crawl Stone Soup version 0.29-a0-82-g837932c90e (webtiles) character file.

Game seed: 11723438662979918731

86 Dordric the Stinger (level 4, 18/30 HPs)
             Began as a Merfolk Venom Mage on Feb 4, 2022.
             Quit the game on level 2 of the Dungeon.
             The game lasted 00:06:08 (2678 turns).

Dordric the Stinger (Merfolk Venom Mage)            Turns: 2678, Time: 00:06:09

Health: 18/30      AC:  2    Str:  8    XL:     4   Next: 49%
Magic:  0/8        EV: 13    Int: 14    God:
Gold:   112        SH:  0    Dex: 16    Spells: 5/8 levels left

rFire   . . .      SeeInvis .   (no weapon)
rCold   . . .      Faith    .   (no shield)
rNeg    . . .      Spirit   .   a - +0 robe
rPois   .          Reflect  .   (no helmet)
rElec   .          Harm     .   (no cloak)
rCorr   .          Rampage  .   (no gloves)
Will    .....                   (no boots)
Stlth   ++........              (no amulet)
HPRegen 0.10/turn               (no ring)
MPRegen 0.11/turn               (no ring)

@: very slightly contaminated
A: (nimble swimmer 2), mertail
a: no special abilities


You were on level 2 of the Dungeon.
You visited 1 branch of the dungeon, and saw 2 of its levels.

You collected 112 gold pieces.

Inventory:

Armour
 a - a +0 robe (worn)
 g - a +0 ring mail
Wands
 k - a wand of charming (13)
Scrolls
 b - 3 scrolls of identify {unknown}
 c - 3 scrolls of fog {unknown}
 d - a scroll of enchant weapon {unknown}
 e - 2 scrolls of fear {unknown}
 i - a scroll of immolation {unknown}
 j - a scroll of teleportation {unknown}
Potions
 f - 2 potions of curing {unknown}
 h - a potion of berserk rage {unknown}
 l - a potion of experience {unknown}


   Skills:
 + Level 3.8 Dodging
 - Level 2.2 Stealth
 + Level 2.7 Spellcasting
 + Level 2.7 Transmutations
 + Level 4.0 Poison Magic


You had 5 spell levels left.
You knew the following spells:

 Your Spells              Type           Power      Damage    Failure   Level
a - Sting                 Tmut/Pois      44%        1d5       5%          1
b - Poisonous Vapours     Pois/Air       14%        N/A       14%         2

Your spell library contained the following spells:

 Spells                   Type           Power      Damage    Failure   Level
 Mephitic Cloud           Conj/Pois/Air  5%         N/A       36%         3
 Olgreb's Toxic Radiance  Pois           13%        N/A       38%         4


Dungeon Overview and Level Annotations

Branches:
Dungeon (2/15)

Altars:

Shops:
D:1 =[(

Annotations:
D:2 1 runed translucent door, Crazy Yiuf


Innate Abilities, Weirdness & Mutations

((You are very nimble when in or above water. (Stealth+, EV+, Speed+++)))
Your lower body shifts to a powerful aquatic tail in water.


Message History

The hobgoblin looks even sicker.
A hobgoblin is nearby!
A hobgoblin is nearby!
A hobgoblin is nearby!
You kill the hobgoblin!
Your magical contamination has completely faded away.
f - 2 purple potions (gained 1)
A gnoll comes into view. It is wielding a +0 flail.
A gnoll is nearby!
A gnoll is nearby!
Poisonous vapours surround the gnoll!
The gnoll is poisoned.
The gnoll shouts!
Poisonous vapours surround the gnoll!
The gnoll looks even sicker.
A gnoll comes into view. It is wielding a +0 club.
Poisonous vapours surround the gnoll!
The gnoll looks even sicker.
The gnoll shouts!
You kill the gnoll!
You miscast Poisonous Vapours.
You are very lightly contaminated with residual magic.
Nothing appears to happen.
You don't have enough magic to cast this spell.
Casting: Poisonous Vapours (safe; 14% risk of failure)
Confirm with . or Enter, or press ? or * to list all spells.
You can't see any susceptible monsters within range! (Use Z to cast anyway.) Unknown command.
You see here a dart slug corpse.
The gnoll closely misses you. The gnoll hits you but does no damage.
Your magical contamination has completely faded away.
Search for what [? for help]? polearm Poisonous vapours surround the gnoll!
The gnoll is poisoned.
The gnoll hits you with a +0 club.
The gnoll looks more healthy.
Poisonous vapours surround the gnoll!
The gnoll is poisoned.
The gnoll hits you with a +0 club.
The gnoll looks more healthy.
You miscast Poisonous Vapours.
You are very lightly contaminated with residual magic.
Nothing appears to happen.
The gnoll hits you with a +0 club!
Are you sure you want to abandon this character and quit the game? (Confirm with "yes".)

###..#..............
#...................
#.#...##.#..........
#.#..###.#.......... #.#..#
#.#....).....
#.>..###............
#..#.#..............
#.g#.#..............
##..@................
#######....................
##............###...........
##....)...<.....##<..........
#......(.........#...........
#...........................#
#.......................#####
#.......................#
#................########


You could see a gnoll.

Vanquished Creatures
  A gnoll (D:2)
  3 adders (D:2)
  2 dart slugs
  3 endoplasms
  5 giant cockroaches
  5 goblins
  6 hobgoblins
  2 kobolds (D:2)
  3 quokkas (D:1)
  5 ball pythons (D:1)
  3 bats
  2 frilled lizards (D:1)
  2 rats
42 creatures vanquished.

Notes
Turn   | Place    | Note
-------+----------+-------------------------------------------
     0 | D:1      | Dordric the Merfolk Venom Mage began the quest for the Orb.
     0 | D:1      | Reached XP level 1. HP: 13/13 MP: 3/3
    99 | D:1      | Found Fian's Antique Weapon Boutique.
   279 | D:1      | Reached XP level 2. HP: 19/19 MP: 3/5
   384 | D:1      | Found Qisiphos's Jewellery Emporium.
   448 | D:1      | Learned a level 2 spell: Poisonous Vapours
   495 | D:1      | Found a faded altar of an unknown god.
  1053 | D:1      | Found Nezxua's Antique Armour Shop.
  1164 | D:1      | Reached XP level 3. HP: 21/24 MP: 2/6
  1920 | D:2      | Found a runed translucent door.
  1921 | D:2      | Noticed Crazy Yiuf
  2154 | D:2      | Reached XP level 4. HP: 30/30 MP: 0/7
  2384 | D:2      | Reached skill level 4 in Poison Magic
  2678 | D:2      | Quit the game

Illustrated notes

Levels and vault maps discovered:
D:1:      roderic_chinese_lattice_arrival, layout_basic,
          chequers_ecumenical_altar_island, serial_shops, nicolae_shop_stone,
          nicolae_shop_behind_doors, shop
D:2:      layout_rooms, kennysheep_nub, uniq_crazy_yiuf_cottage

Skill      XL: |  1  2  3  4 |
---------------+-------------+-----
Dodging        | 3 |  3.8
Transmutations | 2 |  2.7
Poison Magic   | 4 |  4.0
Stealth        | |  2.2
Spellcasting   | |  2.7

Action                   |  1- 3 |  4- 6 || total
-------------------------+-------+-------++-------
Melee: Unarmed           |    11 |       ||    11
 Cast: Sting             |    39 |       ||    39
       Poisonous Vapours |    31 |    14 ||    45
Armor: Robe              |    10 |     1 ||    11
Dodge: Dodged            |    58 |     4 ||    62

Table legend: (Time is in decaauts)
 A = Elapsed time spent in this place.
 B = Non-inter-level travel time spent in this place.
 C = Inter-level travel time spent in this place.
 D = Time resting spent in this place.
 E = Time spent auto-exploring this place.
 F = Levels seen in this place.
 G = Mean time per level.
                   A        B        C        D        E       F      G
               +--------+--------+--------+--------+--------+-----+--------+
         Total |   2676 |   2640 |     36 |      0 |   2121 |   2 | 1338.0 |
       Dungeon |   2676 |   2640 |     36 |      0 |   2121 |   2 | 1338.0 |
               +--------+--------+--------+--------+--------+-----+--------+

Top non-repeatable levels by time:
     D:1: 1537 daAuts
     D:2: 1139 daAuts
